 Dungeon Crawl Stone Soup version 0.19-a0-1855-gb7442ac (webtiles) character file.

2108 KarmaPolice the Slinger (level 9, -1/58 HPs)
             Began as a Halfling Hunter on Oct 12, 2016.
             Was a Follower of Uskayaw.
             Slain by an ogre
             ... wielding a +0 giant spiked club
              (29 damage)
             ... on level 8 of the Dungeon.
             The game lasted 00:26:51 (8427 turns).

KarmaPolice the Slinger (Halfling Hunter)           Turns: 8427, Time: 00:26:52

Health: -1/58      AC:  1    Str: 13    XL:     9   Next: 53%
Magic:  11/13      EV: 16    Int:  9    God:    Uskayaw [*.....]
Gold:   443        SH:  0    Dex: 18    Spells: 0 memorised, 8 levels left

rFire  . . .     SeeInvis +     a - +1 hunting sling
rCold  . . .     Gourm    .     L - +3 leather armour
rNeg   . . .     Faith    .     (shield restricted)
rPois  .         Spirit   .     v - +1 helmet
rElec  .         Dismiss  .     m - +0 cloak
rCorr  .         Reflect  .     (no gloves)
MR     .....     Harm     .     (no boots)
Stlth  +++.......               (no amulet)
                                D - ring of see invisible
                                z - ring of stealth

@: about to teleport, corroded
A: mutation resistance 1
a: Stomp, Renounce Religion


You were on level 8 of the Dungeon.
You worshipped Uskayaw.
Uskayaw was noncommittal.
You were not hungry.

You visited 1 branch of the dungeon, and saw 8 of its levels.

You collected 443 gold pieces.

Inventory:

Hand Weapons
 a - a +1 hunting sling (weapon)
 b - a +0 short sword
 B - a +0 blowgun
Missiles
 d - 48 sling bullets (quivered)
 e - 228 stones
 C - 30 poisoned needles
Armour
 m - a +0 cloak (worn)
 r - a +0 buckler
 v - a +1 helmet (worn)
 I - the cursed +0 ring mail of Creativity {rF+ MR+ Regen+, unknown}
   (You found it on level 5 of the Dungeon)

   It protects you from fire.
   It affects your resistance to hostile enchantments.
   It increases your rate of regeneration.
   It has a curse placed upon it.
 L - a +3 leather armour (worn)
Jewellery
 z - a ring of stealth (left hand)
 D - a ring of see invisible (right hand)
Wands
 c - a wand of lightning (5/15)
 w - a wand of slowing (39/48)
 N - a wand of digging (15/24)
Scrolls
 g - 2 scrolls of teleportation
 i - 3 scrolls of identify {unknown}
 j - a scroll of enchant weapon {unknown}
 l - 2 scrolls of fear {unknown}
 o - 3 scrolls of remove curse {unknown}
 q - 3 scrolls of amnesia {unknown}
 t - 3 scrolls of magic mapping {unknown}
 y - 4 scrolls of immolation {unknown}
Potions
 h - 4 potions of lignification {unknown}
 n - a potion of haste {unknown}
 p - a potion of heal wounds {unknown}
 s - a potion of magic {unknown}
 u - a potion of might {unknown}
 x - a potion of degeneration {unknown}
 A - 3 potions of invisibility {unknown}
 E - 2 potions of curing {unknown}
 F - a potion of brilliance {unknown}
 H - a potion of beneficial mutation {unknown}
 K - a potion of cancellation {unknown}
Comestibles
 f - 6 bread rations
 k - a beef jerky
 G - 4 meat rations
 J - 2 fruits
 M - a slice of pizza
 O - a chunk of flesh


   Skills:
 - Level 4.1 Fighting
 + Level 7.0 Short Blades
 + Level 9.7(9.9) Slings
 - Level 1.7(4.6) Throwing
 + Level 3.9 Armour
 - Level 4.0 Dodging
 - Level 2.3 Stealth
 + Level 5.3 Invocations


You had 8 spell levels left.
You didn't know any spells.

Dungeon Overview and Level Annotations

Branches:
Dungeon (7/15)             Temple (0/1) D:4

Altars:
Elyvilon
Fedhas
Ru
Uskayaw
Vehumet
Xom

Shops:
D:4 [(

Annotations:
D:8 Amnesiac's ghost, novice HaAs


Innate Abilities, Weirdness & Mutations

You are small and have problems with some larger weapons.
You are somewhat resistant to further mutation.


Message History

The ogre shouts!
The sling bullet hits the orc wizard.
The orc wizard is severely wounded.
The orc wizard completely misses you.
Amnesiac's ghost (novice Halfling Assassin) comes into view.
It is wielding a weapon of chaos.
The orc wizard barely misses you.
You see here a sling bullet.
As you read the scroll of teleportation, it crumbles to dust.
You feel strangely unstable.
Unknown command.
The bullfrog skeleton closely misses you.
The ogre misses you.
Your surroundings seem slightly different.
As you read the scroll of teleportation, it crumbles to dust.
You feel strangely unstable.
The bullfrog skeleton barely misses you.
The bullfrog skeleton misses you.
The ogre hits you with a giant spiked club!!
Ouch! That really hurt!
You die...

##### ######
#W...#+#....##
..$.#...#....##
...#.....#o.Z.#
#..⌠.⌠..#.O.##
#.......og#Z@!#
#....!....#...#
#..⌠...⌠.o#../#
#.........#...#
#......c..#..%#
..#..⌠.⌠..#...##
...#.....#....#
...##


You could see an ogre, an orc wizard, a hound zombie and a bullfrog skeleton.

Vanquished Creatures
  A hungry ghost (D:7)
  Menkaure (D:5)
  2 orc warriors
  An ice beast (D:6)
  A phantom (D:6)
  A sky beast (D:6)
  A centaur (D:6)
  4 scorpions
  4 wights
  A crimson imp (D:5)
  3 jellies
  An orc priest (D:6)
  Crazy Yiuf (D:2)
  4 hounds
  Jessica (D:2)
  An iguana (D:5)
  3 worker ants
  7 orc wizards
  A hell rat (D:6)
  A killer bee zombie (D:7)
  A hound zombie (D:5)
  A hound skeleton (D:7)
  Robin (D:2)
  2 river rats (D:6)
  5 adders
  2 shadow imps
  2 oozes
  3 adder zombies
  8 worms
  5 leopard geckos
  20 orcs
  6 ball pythons
  7 bats
  4 giant cockroaches
  10 goblins
  8 hobgoblins
  5 jackals
  2 quokkas (D:3)
  8 frilled lizards
  7 kobolds
  A quokka skeleton (D:7)
  A quokka zombie (D:6)
  28 rats
177 creatures vanquished.

Notes
Turn   | Place    | Note
-------+----------+-------------------------------------------
     0 | D:1      | KarmaPolice the Halfling Hunter began the quest for the Orb.
     0 | D:1      | Reached XP level 1. HP: 14/14 MP: 1/1
   386 | D:1      | Reached skill level 6 in Slings
   396 | D:1      | Reached XP level 2. HP: 18/19 MP: 2/2
   419 | D:1      | Reached skill level 1 in Short Blades
   962 | D:1      | Reached XP level 3. HP: 20/24 MP: 3/3
  1079 | D:2      | Noticed Jessica
  1088 | D:2      | Killed Jessica
  1088 | D:2      | Reached XP level 4. HP: 27/29 MP: 4/4
  1260 | D:2      | Found a blossoming altar of Fedhas.
  1260 | D:2      | Found a hide-covered altar of Uskayaw.
  1263 | D:2      | Became a worshipper of Uskayaw the Reveler
  1327 | D:2      | Reached * piety under Uskayaw
  1419 | D:2      | Reached ** piety under Uskayaw
  1554 | D:2      | Noticed Robin
  1572 | D:2      | Reached *** piety under Uskayaw
  1574 | D:2      | Killed Robin
  1577 | D:2      | Reached XP level 5. HP: 13/35 MP: 2/5
  1862 | D:2      | Found a runed door.
  2223 | D:2      | Noticed Crazy Yiuf
  2229 | D:2      | Killed Crazy Yiuf
  2229 | D:2      | Reached skill level 1 in Invocations
  2694 | D:3      | Reached XP level 6. HP: 28/42 MP: 5/7
  3421 | D:4      | Found a shimmering altar of Xom.
  3865 | D:4      | Found a radiant altar of Vehumet.
  4032 | D:4      | Found a staircase to the Ecumenical Temple.
  4057 | D:4      | Found Aceus's Antique Armour Shoppe.
  4303 | D:4      | Found Mihiamou's Weapon Emporium.
  4412 | D:5      | Entered Level 5 of the Dungeon
  4522 | D:5      | Noticed Menkaure
  4557 | D:5      | Killed Menkaure
  4557 | D:5      | Reached XP level 7. HP: 46/46 MP: 7/9
  4631 | D:5      | Got a tiger eye-encrusted ring mail
  4791 | D:5      | Reached skill level 7 in Slings
  5691 | D:5      | Reached XP level 8. HP: 32/54 MP: 10/10
  5870 | D:6      | Reached skill level 5 in Short Blades
  6320 | D:6      | Reached **** piety under Uskayaw
  6386 | D:6      | Reached skill level 8 in Slings
  6495 | D:6      | Reached skill level 1 in Throwing
  6495 | D:6      | Reached skill level 1 in Armour
  7144 | D:6      | Reached XP level 9. HP: 54/58 MP: 12/12
  7153 | D:6      | Reached skill level 9 in Slings
  7612 | D:6      | Found a white marble altar of Elyvilon.
  7642 | D:6      | Found a sacrificial altar of Ru.
  7768 | D:7      | Reached skill level 5 in Invocations
  8408 | D:7      | You fall through a shaft!
  8420 | D:8      | Noticed Amnesiac's ghost (novice HaAs)
  8427 | D:8      | Slain by an ogre

Vault maps used:
D:1:      onia_arrival_mini_spirals, corexii_corridor_pit, minmay_tiny_reverse_x
D:2:      gammafunk_temple_overflow_elements, first_bread, serial_forest,
          infiniplex_forest_zigzag_1, infiniplex_forest_clump_large,
          infiniplex_forest_clump_small, infiniplex_forest_end_1,
          infiniplex_forest_straight_2, infiniplex_forest_straight_5,
          infiniplex_forest_straight_2, infiniplex_forest_3_way,
          infiniplex_forest_lined_corner, grunt_decor_fettered,
          uniq_crazy_yiuf_cottage, uniq_jessica, uniq_robin
D:4:      tgw_xom, lemuel_crystal_altar, serial_shops, shop, shop
D:5:      uniq_menkaure
D:6:      lemuel_ratsnest, lemuel_round_altar, marbit_many_paths
D:8:      kennysheep_ambush_hall, serial_shops, nicolae_shop_stone,
          uniq_prince_ribbit1, uniq_maurice

Skill      XL: |  1  2  3  4  5  6  7  8  9 |
---------------+----------------------------+-----
Slings         | 6 7 8 9 |  9.7
Short Blades   | 1 2 3 4 6 7 |  7.0
Fighting       | 2 3 4 |  4.1
Stealth        | 2 |  2.3
Dodging        | 3 4 |  4.0
Invocations    | 1 2 3 4 5 |  5.3
Throwing       | 1 |  1.7
Armour         | 2 3 |  3.9

Action                   |  1- 3 |  4- 6 |  7- 9 || total
-------------------------+-------+-------+-------++-------
Melee: Short sword       |    61 |   272 |   127 ||   460
 Fire: Hunting sling     |       |    54 |   186 ||   240
       Blowgun           |       |    30 |   114 ||   144
Throw: Stone             |       |     3 |       ||     3
Invok: Stomp             |       |     1 |     7 ||     8
Evoke: Wand              |       |       |     1 ||     1
  Use: Scroll            |       |       |     3 ||     3
 Stab: Sleeping          |       |     6 |     3 ||     9
       Paralysed         |       |       |     1 ||     1
  Eat: Chunk             |       |    11 |    15 ||    26
Armor: Leather armour    |    13 |    61 |    54 ||   128
Dodge: Dodged            |    46 |   228 |   227 ||   501
